 Dungeon Crawl Stone Soup version 0.27-a0-906-g0a00ce863d (webtiles) character file.

Game seed: 4126169830176681969

39 kae the Ruffian (level 3, 0/28 HPs)
             Began as a Demonspawn Gladiator on Apr 6, 2021.
             Slain by an orc
             ... wielding a +0 dagger
              (2 damage)
             ... on level 2 of the Dungeon.
             The game lasted 00:00:36 (1421 turns).

kae the Ruffian (Demonspawn Gladiator)              Turns: 1421, Time: 00:00:36

Health: 0/28       AC:  4    Str: 15    XL:     3   Next: 28%
Magic:  3/3        EV: 12    Int:  9    God:
Gold:   52         SH:  4    Dex: 14    Spells: 2/2 levels left

rFire    . . .     SeeInvis .     - Unarmed
rCold    . . .     Faith    .   (no shield)
rNeg     . . .     Spirit   .   a - +0 leather armour
rPois    .         Reflect  .   b - +0 helmet
rElec    .         Harm     .   (no cloak)
rCorr    .         Rampage  .   (no gloves)
Will     .....                  (no boots)
Stlth    +.........             (no amulet)
HPRegen  0.09/turn              (no ring)
MPRegen  0.08/turn              (no ring)

@: no status effects
A: condensation shield
a: no special abilities


You were on level 2 of the Dungeon.
You visited 1 branch of the dungeon, and saw 2 of its levels.

You collected 52 gold pieces.

Inventory:

Missiles
 c - 3 throwing nets (quivered)
Armour
 a - a +0 leather armour (worn)
 b - a +0 helmet (worn)
Scrolls
 f - a scroll of identify
Potions
 d - a potion of brilliance
 e - 2 potions of curing {unknown}
 g - a potion of heal wounds {unknown}


   Skills:
 + Level 2.6 Fighting
 - Level 1.7 Throwing
 - Level 2.6 Dodging
 * Level 3.6 Unarmed Combat


You had 2 spell levels left.
You didn't know any spells.
Your spell library was empty.

Dungeon Overview and Level Annotations

Branches:
Dungeon (2/15)

Altars:
Kikubaaqudgha


Innate Abilities, Weirdness & Mutations

A meltable shield of frost defends you. (SH +4)


Message History

The orc hits you but does no damage.
You barely miss the orc.
The orc is severely wounded.
You block the orc's attack.
You barely miss the orc.
The orc is severely wounded.
The orc hits you with a +0 flail.
You closely miss the orc.
The orc is severely wounded.
The orc barely misses you.
You closely miss the orc. You punch the orc.
You kill the orc!
You hit the orc.
You kill the orc!
You closely miss the goblin. The goblin barely misses you.
You barely miss the goblin. You hit the goblin. You punch the goblin.
You kill the goblin!
You hit the orc but do no damage. The orc closely misses you.
You closely miss the orc. The orc hits you with a +0 short sword.
You barely miss the orc. You block the orc's attack.
You hit the orc.
The orc is heavily wounded.
The orc hits you with a +0 short sword.
* * * LOW HITPOINT WARNING * * *
You hit the orc but do no damage.
The orc is heavily wounded.
The orc closely misses you.
You punch the orc!
You kill the orc!
You barely miss the orc. The orc hits you but does no damage.
You closely miss the orc. The orc hits you but does no damage.
You barely miss the orc. The orc hits you with a +0 dagger.
* * * LOW HITPOINT WARNING * * *
You closely miss the orc. The orc closely misses you.
You barely miss the orc. The orc barely misses you.
You hit the orc.
The orc is lightly wounded.
The orc hits you with a +0 dagger.
You die...

#........
#.....
#........
#.....
#........
####.#
#........
#.#
##........
#.#
.........
#.#
#........
#.# #o#
#.# #@#
#.# #.#
#######.#
#.#
#.......#
#.#
#.#######
#.# #.#
#.# #.#
#.# #.#
#.# #.#
#.# #.#


You could see an orc.

Vanquished Creatures
  An adder (D:2)
  3 orcs (D:2)
  4 ball pythons (D:1)
  2 bats (D:1)
  3 endoplasms (D:1)
  2 giant cockroaches
  A hobgoblin (D:1)
  A quokka (D:1)
  2 frilled lizards (D:1)
  3 goblins
  2 kobolds
  2 rats (D:2)
26 creatures vanquished.

Notes
Turn   | Place    | Note
-------+----------+-------------------------------------------
     0 | D:1      | kae the Demonspawn Gladiator began the quest for the Orb.
     0 | D:1      | Reached XP level 1. HP: 16/16 MP: 1/1
   292 | D:1      | Reached skill level 3 in Unarmed Combat
   296 | D:1      | Gained mutation: A meltable shield of frost defends you.
                  | (SH +4) [demonic ancestry]
   296 | D:1      | Reached XP level 2. HP: 21/22 MP: 2/2
  1051 | D:2      | Found an ancient bone altar of Kikubaaqudgha.
  1088 | D:2      | Reached XP level 3. HP: 10/28 MP: 3/3
  1421 | D:2      | Slain by an orc

Illustrated notes

Levels and vault maps discovered:
D:1:      lemuel_arrival_broad_hall, layout_basic, minmay_statues_item
D:2:      layout_basic, basic_altar

Skill      XL: |  1 |
---------------+----+-----
Unarmed Combat | 3 |  3.6
Fighting       | |  2.6
Throwing       | |  1.7
Dodging        | |  2.6

Action                   || total
-------------------------++-------
Melee: Unarmed           ||   103
       Punch             ||     2
  Use: Scroll            ||     3
 Stab: Sleeping          ||     1
Armor: Leather armour    ||    21
Dodge: Dodged            ||    55
Block: Other             ||     7

Table legend: (Time is in decaauts)
 A = Elapsed time spent in this place.
 B = Non-inter-level travel time spent in this place.
 C = Inter-level travel time spent in this place.
 D = Time resting spent in this place.
 E = Time spent auto-exploring this place.
 F = Levels seen in this place.
 G = Mean time per level.
                   A        B        C        D        E       F      G
               +--------+--------+--------+--------+--------+-----+--------+
         Total |   1415 |   1380 |     35 |      0 |   1201 |   2 |  707.5 |
       Dungeon |   1415 |   1380 |     35 |      0 |   1201 |   2 |  707.5 |
               +--------+--------+--------+--------+--------+-----+--------+

Top non-repeatable levels by time:
     D:1: 1029 daAuts
     D:2: 385 daAuts
